Description

Produisez simplement des unités en continu. Privilégiez tout de mêmes les maraudeurs dans les casernes avec le lab tech (Marines dans les deux autres). Sortez ensuite a l'arrivée de votre stimulant en prenant une bonne douzaine de VCS.

Source : Ogaming SC2

Build Order

Get SALT Encoding   

  14  0:19  Supply Depot  
  16  0:42  Barracks  
  16  0:49  Refinery  
  18  1:13  Barracks  
  19  1:32  Supply Depot  
  20  1:34  Orbital Command, Marine  
  20  1:46  Barracks  
  20  1:53  Barracks Tech Lab  on 1st Barracks
  21  2:02  Barracks Reactor  on 2nd Barracks
  22  2:13  Marine  
  23  2:18  Stimpack  
  23  2:24  Supply Depot  
  26  2:31  Marauder  
  29  2:38  Marine x3  
  30  2:48  Supply Depot  
  32  2:54  Marauder  
  35  2:58  Marine x3  
  36  3:09  Supply Depot  
  38  3:14  Marauder  
  41  3:18  Marine x3  
  44  3:37  Marauder  
  47  3:38  Supply Depot, Marine x3  
  51  3:54  Marine x3  
  53  3:58  Marauder  
  56  4:00  Marine x3  
Spawning Tool Build Advisor. Get it on Overwolf

Go to:

Details

  • Created by: Kamunagara73
  • Published on: Dec 16, 2017
  • Modified on: Dec 16, 2017
  • Patch: 4.0.0
Show
View Real Time Build Order
Export as new Build Order

Comments (0)

There are no comments. Be the first!

Create an account to comment!